 Dungeon Crawl Stone Soup version 0.31-a0-1300-gb6740aa4e6 (webtiles) character file.

Game seed: 12479702518990902832

2098 gruber the Chiller (level 9, -1/65 HPs)
             Began as a Demonspawn Ice Elementalist on Dec 15, 2023.
             Was a Follower of Vehumet.
             Slain by a vampire (9 damage)
             ... on level 7 of the Dungeon on Dec 18, 2023.
             The game lasted 00:11:16 (7375 turns).

gruber the Chiller (Demonspawn Ice Elementalist)    Turns: 7375, Time: 00:11:17

Health: -1/65      AC:  8    Str:  9    XL:     9   Next: 7%
Magic:  10/13      EV: 13    Int: 20    God:    Vehumet [*.....]
Gold:   306        SH:  4    Dex: 13    Spells: 7/14 levels left

rFire   . . .        o - +0 double sword
rCold   . . .        (no shield)
rNeg    . . .        a - +0 robe
rPois   .            (no helmet)
rElec   .            g - +0 cloak
rCorr   +            j - +0 pair of gloves
SInv    .            (no boots)
Will    .....        u - amulet of the acrobat
Stlth   ++           p - ring of resist corrosion
HPRegen 0.30/turn    (no ring)
MPRegen 0.13/turn

%: acrobat
@: on berserk cooldown, freezing walls, slowed, very slow
A: foul stench 1, icemail 1, condensation shield
a: Renounce Religion


You were on level 7 of the Dungeon.
You worshipped Vehumet.
Vehumet was aware of your devotion.
You visited 2 branches of the dungeon, and saw 8 of its levels.

You collected 306 gold pieces.

Inventory:

Hand Weapons
 o - a +0 double sword (weapon)
Missiles
 B - 2 throwing nets
Armour
 a - a +0 robe (worn)
 g - a +0 cloak (worn)
 j - a +0 pair of gloves (worn)
Jewellery
 p - a ring of resist corrosion (left hand)
 u - an amulet of the acrobat (around neck)
 z - an amulet of magic regeneration
Wands
 v - a wand of charming (3)
 x - a wand of quicksilver (22)
 E - a wand of flame (12)
Scrolls
 k - a scroll of vulnerability {unknown}
 l - 3 scrolls of noise {unknown}
 m - a scroll of amnesia {unknown}
 r - a scroll of revelation {unknown}
 s - a scroll of enchant weapon {unknown}
 y - a scroll of immolation {unknown}
 C - a scroll of torment {unknown}
 D - a scroll of teleportation {unknown}
Potions
 b - a potion of magic
 d - a potion of mutation
 e - a potion of brilliance
 f - 2 potions of enlightenment
 h - a potion of cancellation {unknown}
 i - a potion of attraction {unknown}
 n - 5 potions of curing {unknown}
 q - a potion of invisibility {unknown}
 t - a potion of resistance {unknown}
 w - a potion of haste {unknown}
 A - a potion of heal wounds {unknown}


   Skills:
 - Level 4.2 Fighting
 - Level 6.0 Long Blades
 - Level 4.2 Dodging
 - Level 1.7 Stealth
 - Level 3.0 Spellcasting
 * Level 7.5 Ice Magic


You had 7 spell levels left.
You knew the following spells:

 Your Spells              Type           Power      Damage    Failure   Level
a - Freeze                Ice            100%       1d10      1%          1
b - Frozen Ramparts       Ice            66%        1d10      1%          3
c - Ozocubu's Armour      Ice            33%        N/A       1%          3

Your spell library contained the following spells:

 Spells                   Type           Power      Damage    Failure   Level
 Foxfire                  Conj/Fire      12%        2x1d4     14%         1
 Magic Dart               Conj           12%        1d3       14%         1
 Sandblast                Erth           6%         2d5       14%         1
 Sting                    Tmut/Pois      12%        1d3       14%         1
 Passwall                 Tmut/Erth      2%         N/A       22%         2
 Poisonous Vapours        Pois/Air       6%         N/A       22%         2
 Searing Ray              Conj           6%         2d4       22%         2
 Static Discharge         Conj/Air       6%         3-4/arc   22%         2
 Summon Ice Beast         Ice/Summ       18%        N/A       30%         4
 Stone Arrow              Conj/Erth      6%         3d7       38%         3
 Airstrike                Air            1%         2d(1-17)  80%         4
 Brom's Barrelling Bould  Conj/Erth      3%         2d3       80%         4
 Cause Fear               Hex            1%         N/A       80%         4
 Fulminant Prism          Conj/Hex       1%         3d5       80%         4
 Olgreb's Toxic Radiance  Pois           3%         N/A       80%         4
 Passage of Golubria      Tloc           3%         N/A       80%         4
 Summon Lightning Spire   Summ/Air       3%         N/A       80%         4
 Fireball                 Conj/Fire      1%         3d3       98%         5
 Silence                  Hex/Air        1%         N/A       98%         5
 Lehudib's Crystal Spear  Conj/Erth      1%         10d2      100%        8
 Dragon's Call            Summ           1%         N/A       100%        9


Dungeon Overview and Level Annotations

Branches:
Dungeon (7/15)             Temple (1/1) D:5

Altars:
Ashenzari
Cheibriados
Dithmenos
Fedhas
Gozag
Hepliaklqana
Kikubaaqudgha
Makhleb
Nemelex Xobeh
Okawaru
Qazlal
Ru
Sif Muna
Trog
Uskayaw
Vehumet
Wu Jian
Xom
Yredelemnul

Shops:
D:2 !   D:6 :


Innate Abilities, Weirdness & Mutations

You may rarely emit foul miasma when damaged in melee.
A meltable icy envelope protects you from harm. (AC +4)
A meltable shield of frost defends you. (SH +4)


Message History

A red film seems to cover your vision as you go berserk!
You feel yourself moving faster!
You feel mighty! Something hits you. Something bites you but does no damage.
You bump into the rock wall.
You feel a strong urge to attack something.
You miss something.
You feel less confused. Something barely misses you.
You block something's attack.
The kobold demonologist casts a cantrip, but nothing happens.
You hit something. Something barely misses you. You block something's attack.
You miss something. Something hits you. Something bites you!
Something draws strength from your injuries!
You slice something!! You miss something.
You hear some strange, mumbled words.
Something tries to affect you, but you resist.
You closely miss something. Something hits you! Something bites you.
* * * LOW HITPOINT WARNING * * *
Something draws strength from your injuries!
You closely miss something. Something hits you.
* * * LOW HITPOINT WARNING * * *
Something barely misses you.
You miss something.
You are no longer berserk.
You are exhausted.
You feel yourself slow down. Something hits you.
* * * LOW HITPOINT WARNING * * *
Something bites you.
* * * LOW HITPOINT WARNING * * *
Something draws strength from your injuries!
Unknown command.
Unknown command.
Casting: Frozen Ramparts (safe; 1% risk of failure)
Confirm with . or Enter, or press ? or * to list all spells.
Casting: Frozen Ramparts (safe; 1% risk of failure)
Press: ? - help, Dir - look around, f - activate The walls around you are covered in ice.
The wall freezes the steam dragon!
The wall freezes something.
Something hits you!
You die...

#.#.. ..#.# .#
#.#.# #..#.# ... #
#.#.# ...##.#
#...#.#.#.#...##..#
#..#.#.#.#..# #.##
#...#.#...# #.#
#..^....#####.#
###'''###.....#
#....DK{@#####
#.#...#### #...###
#####


You could see a kobold demonologist and a steam dragon.

Vanquished Creatures
  A two-headed ogre (D:6)
  A sky beast (D:7)
  3 ogres
  A centaur (D:7)
  A gnoll sergeant (D:5)
  A scorpion (D:6)
  3 hounds
  Crazy Yiuf (D:2)
  3 orc priests
  2 gnoll boudas
  2 jellies
  4 iguanas
  Ijyb (D:5)
  Terence (D:2)
  4 orc wizards
  20 gnolls
  7 adders
  2 worms
  5 dart slugs
  20 orcs
  6 ball pythons
  7 endoplasms
  5 giant cockroaches
  11 goblins
  11 hobgoblins
  15 jackals
  8 kobolds
  2 quokkas
  8 bats
  2 frilled lizards
  7 rats
165 creatures vanquished.

Notes
Turn   | Place    | Note
-------+----------+-------------------------------------------
     0 | D:1      | gruber the Demonspawn Ice Elementalist began the quest for
                  | the Orb.
     0 | D:1      | Reached XP level 1. HP: 13/13 MP: 3/3
   126 | D:1      | Reached skill level 4 in Ice Magic
   129 | D:1      | Gained mutation: A meltable shield of frost defends you.
                  | (SH +4) [demonic ancestry]
   129 | D:1      | Reached XP level 2. HP: 19/19 MP: 3/5
   711 | D:1      | Gained mutation: A meltable icy envelope protects you from
                  | harm. (AC +4) [demonic ancestry]
   711 | D:1      | Reached XP level 3. HP: 24/24 MP: 3/6
  1013 | D:2      | Noticed Terence
  1021 | D:2      | Killed Terence
  1022 | D:2      | Reached skill level 5 in Ice Magic
  1080 | D:2      | Learned a level 3 spell: Frozen Ramparts
  1186 | D:2      | Reached XP level 4. HP: 26/30 MP: 3/7
  1285 | D:2      | Found a burning altar of Makhleb.
  1442 | D:2      | Found Imiotuh's Distillery.
  1789 | D:2      | Reached XP level 5. HP: 35/35 MP: 3/8
  1958 | D:2      | Found a runed translucent door.
  1959 | D:2      | Noticed Crazy Yiuf
  2117 | D:2      | Killed Crazy Yiuf
  2118 | D:2      | Reached skill level 6 in Ice Magic
  2259 | D:3      | Upgraded the game from 0.31-a0-1237-gabc64e778c to
                  | 0.31-a0-1300-gb6740aa4e6
  3028 | D:3      | Reached XP level 6. HP: 41/41 MP: 6/9
  3514 | D:4      | Reached skill level 7 in Ice Magic
  4802 | D:5      | Entered Level 5 of the Dungeon
  4928 | D:5      | Reached XP level 7. HP: 41/46 MP: 5/11
  5111 | D:5      | Learned a level 3 spell: Ozocubu's Armour
  5411 | D:5      | Reached skill level 1 in Fighting
  5483 | D:5      | Found a staircase to the Ecumenical Temple.
  5582 | D:5      | Noticed Ijyb
  5629 | Temple   | Entered the Ecumenical Temple
  5680 | Temple   | Became a worshipper of Vehumet
  5862 | D:5      | Killed Ijyb
  6171 | D:6      | Reached skill level 1 in Long Blades
  6173 | D:6      | Reached XP level 8. HP: 58/58 MP: 5/12
  6248 | D:6      | Found Nasmuthru's Book Shop.
  6386 | D:6      | Noticed a two-headed ogre
  6405 | D:6      | Killed a two-headed ogre
  6406 | D:6      | Reached skill level 5 in Long Blades
  7081 | D:7      | Gained mutation: You may rarely emit foul miasma when
                  | damaged in melee. [demonic ancestry]
  7081 | D:7      | Reached XP level 9. HP: 58/65 MP: 9/13
  7090 | D:7      | Reached * piety under Vehumet
  7090 | D:7      | Offered knowledge of Foxfire by Vehumet.
  7351 | D:7      | Noticed a kobold demonologist
  7375 | D:7      | Slain by a vampire

Illustrated notes

Levels and vault maps discovered:
D:1:      evilmike_arrival_crescent, layout_loops_ring, columned_hall_lemuel
D:2:      layout_basic, serial_shops, nicolae_lakefront_shop, basic_altar,
          uniq_crazy_yiuf_cottage, uniq_terence
D:3:      layout_loops_cross, nicolae_titane
D:4:      layout_layer_cave, nicolae_concentric_dashed_squares_wild,
          hangedman_decor_clover_reticule
D:5:      layout_basic, minmay_temple_entry_crystal_x, uniq_ijyb
D:6:      layout_basic, serial_shops, shop
D:7:      layout_basic, serial_rivers, chequers_serial_rivers_large_b,
          chequers_serial_rivers_small_b, chequers_serial_rivers_micro_e,
          chequers_serial_rivers_small_b, serial_library_hellmonk_octagon
Temple:   mainiacjoe_temple_trianglar_array

Skill      XL: |  1  2  3  4  5  6  7  8 |
---------------+-------------------------+-----
Ice Magic      | 4 5 6 7 |  7.5
Spellcasting   | 3 |  3.0
Dodging        | 2 4 |  4.2
Fighting       | 3 4 |  4.2
Long Blades    | 1 6 |  6.0
Stealth        | |  1.7

Action                     |  1- 3 |  4- 6 |  7- 9 || total
---------------------------+-------+-------+-------++-------
  Melee: Dagger            |    17 |    35 |       ||    52
         Double sword      |       |    44 |    72 ||   116
         Punch             |       |       |     1 ||     1
   Cast: Freeze            |    40 |    55 |    12 ||   107
         Frozen Ramparts   |     1 |    20 |    25 ||    46
         Ozocubu's Armour  |       |       |    11 ||    11
  Evoke: Wand              |       |       |     7 ||     7
    Use: Scroll            |       |       |     4 ||     4
         Potion            |       |       |     1 ||     1
   Stab: Sleeping          |       |     2 |     2 ||     4
 Armour: Robe              |    23 |    78 |    57 ||   158
  Dodge: Dodged            |    19 |    73 |    67 ||   159
  Block: Other             |     7 |    15 |    15 ||    37

Table legend: (Time is in decaauts)
 A = Elapsed time spent in this place.
 B = Non-inter-level travel time spent in this place.
 C = Inter-level travel time spent in this place.
 D = Time resting spent in this place.
 E = Time spent auto-exploring this place.
 F = Levels seen in this place.
 G = Mean time per level.
                   A        B        C        D        E       F      G
               +--------+--------+--------+--------+--------+-----+--------+
         Total |   7411 |   7144 |    267 |     88 |   5969 |   8 |  926.4 |
       Dungeon |   7329 |   7144 |    185 |     88 |   5969 |   7 | 1047.0 |
        Temple |     82 |      1 |     81 |      0 |      0 |   1 |   82.0 |
               +--------+--------+--------+--------+--------+-----+--------+

Top non-repeatable levels by time:
     D:4: 1626 daAuts
     D:2: 1269 daAuts
     D:5: 1196 daAuts
     D:6: 994 daAuts
     D:3: 969 daAuts
     D:1: 953 daAuts
     D:7: 319 daAuts
  Temple: 82 daAuts
